 Dungeon Crawl Stone Soup version 0.31-a0-214-gb37851dbb3 (webtiles) character file.

Game seed: 15869218087761195331

978 qw the Chopper (level 8, -7/49 HPs)
             Began as a Gargoyle Fighter on July 1, 2023.
             Mangled by an ogre
             ... wielding a +0 giant spiked club
              (17 damage)
             ... on level 5 of the Dungeon.
             The game lasted 00:01:55 (3752 turns).

qw the Chopper (Gargoyle Fighter)                   Turns: 3752, Time: 00:01:56

Health: -7/49      AC: 17    Str: 29    XL:     8   Next: 17%
Magic:  0/8        EV: 10    Int:  8    God:
Gold:   249        SH:  4    Dex:  9    Spells: 7/7 levels left

rFire   . . .        Y - +1 war axe
rCold   . . .        c - +0 buckler
rNeg    + . .        b - +0 scale mail
rPois   inf          k - +2 helmet
rElec   +            (no cloak)
rCorr   .            (no gloves)
SInv    .            f - +1 pair of boots
Will    .....        j - amulet of guardian spirit Stlth
                     g - +6 ring of strength
HPRegen 0.28/turn    (no ring)
MPRegen 0.11/turn

%: guardian spirit
@: no status effects
A: sickness immunity, AC +5, negative energy resistance 1, electricity
resistance, torment resistance 1, petrification resistance
a: no special abilities


You were on level 5 of the Dungeon.
You visited 1 branch of the dungeon, and saw 5 of its levels.

You collected 249 gold pieces.


Innate Abilities, Weirdness & Mutations

You are immune to sickness and miasma.
Your stone body is resilient. (AC +5)
You are immune to poison.
You resist negative energy. (rN+)
You are resistant to electric shocks. (rElec)
You are resistant to unholy torment.
You are immune to petrification.


   Skills:
 - Level 5.3 Fighting
 + Level 7.5 Axes
 - Level 1.1 Throwing
 - Level 3.2 Armour
 - Level 1.1 Dodging
 - Level 3.2 Shields


You had 7 spell levels left.
You didn't know any spells.
Your spell library was empty.

Inventory:

Hand Weapons
 l - a +0 flail
 Y - a +1 war axe (weapon)
Armour
 b - a +0 scale mail (worn)
 c - a +0 buckler (worn)
 f - a +1 pair of boots (worn)
 i - a +2 pair of gloves
 k - a +2 helmet (worn)
Jewellery
 g - a +6 ring of strength (left hand)
 j - an amulet of guardian spirit (around neck)
Scrolls
 a - a scroll of amnesia {unknown}
 h - 2 scrolls of identify
 m - a scroll of noise {unknown}
Potions
 d - 2 potions of might
 e - a potion of attraction
 o - a potion of brilliance {unknown}
 p - a potion of invisibility {unknown}

Dungeon Overview and Level Annotations

Branches:
Dungeon (5/15)
 Temple: D:4-7

Altars:

Shops:
D:1 [:


Message History

Enter note:
Enter note:
Enter note:
Enter note:
Enter note:
Enter note: You throw a javelin.
The javelin pierces through the adder!
You kill the adder!
A hound comes into view.
The hound barks!
You hear a shout!
You closely miss the hound. The hound bites you but does no damage.
You slice the hound!!
You kill the hound!
An ogre comes into view. It is wielding a +0 giant spiked club.
The ogre shouts!
Enter note:
Enter note:
Enter note:
Enter note:
Enter note:
Enter note: You hit the ogre.
The ogre is lightly wounded.
The ogre hits you with a +0 giant spiked club!!
You completely miss the ogre.
The ogre is lightly wounded.
You barely miss the ogre.
The ogre is lightly wounded.
The ogre barely misses you.
You barely miss the ogre.
The ogre is lightly wounded.
The ogre barely misses you.
You barely miss the ogre.
The ogre is lightly wounded.
The ogre hits you with a +0 giant spiked club!!
You hit the ogre.
The ogre is moderately wounded.
The ogre hits you with a +0 giant spiked club!!
You die...

.# #.# #.........#
..#.. .# #..(......#
#.#.# #.##
#...%.....# #.#.#
.... #.........#
...##..## #.........#
##..#..# #
#........>####......#
# #.....O...##......#
## #....@%.##..##...#
#. ##.....###.###..##
#) ##...####.###..#
##.
#...#....#.>..####..
#..........#..#....#
#....#######........
#...## #........
#...# #........ #...#
#^.......


You could see an ogre.

Vanquished Creatures
  Sigmund (D:5)
  A black bear (D:5)
  An ice beast (D:5)
  An ogre (D:5)
  A phantom (D:4)
  3 hounds
  2 jellies (D:5)
  2 iguanas (D:5)
  Natasha (thrice) (D:4)
  2 orc wizards (D:5)
  4 adders
  A white imp (D:5)
  An ufetubus (D:4)
  2 worms
  2 dart slugs
  12 orcs
  7 ball pythons
  6 endoplasms
  6 giant cockroaches
  10 goblins
  7 hobgoblins
  2 jackals (D:3)
  6 kobolds
  2 quokkas (D:1)
  4 bats
  3 frilled lizards
  6 rats
98 creatures vanquished.

Notes
Turn   | Place    | Note
-------+----------+-------------------------------------------
     0 | D:1      | qw the Gargoyle Fighter began the quest for the Orb.
     0 | D:1      | Reached XP level 1. HP: 14/14 MP: 1/1
     0 | D:1      | 0 ||| qw: Version: 0.3-a-32-g5962c71
     0 | D:1      | 0 ||| qw: Game counter: 7600
     0 | D:1      | 0 ||| qw: Melee chars always use a shield: true
     0 | D:1      | 0 ||| qw: God list: Okawaru
     0 | D:1      | 0 ||| qw: Allow faded altars: false
     0 | D:1      | 0 ||| qw: Do Orc after clearing Dungeon:15 true
     0 | D:1      | 0 ||| qw: Do second Lair branch before Depths: true
     0 | D:1      | 0 ||| qw: Lair rune preference: random
     0 | D:1      | 0 ||| qw: Goals: Normal, Zot:1-4, Slime:5, God:TSO, Crypt,
                  | Tomb, Abyss, Pan, Hells, Win
     0 | D:1      | 0 ||| PLANNING D:1-11
    75 | D:1      | Found For Kevo's Book Shop.
   127 | D:1      | Reached skill level 2 in Axes
   223 | D:1      | Reached XP level 2. HP: 14/19 MP: 2/2
   243 | D:1      | Found Bilekypse's Armour Boutique.
   247 | D:1      | 247 ||| SHOPLISTING +0 helmet (63 gold, have 7).
   247 | D:1      | 247 ||| SHOPLISTING +0 pair of gloves (63 gold, have 7).
   247 | D:1      | 247 ||| SHOPLISTING +0 shadow dragon scales (1120 gold,
                  | have 7).
   247 | D:1      | 247 ||| SHOPLISTING +1 plate armour of fire resistance (490
                  | gold, have 7).
   247 | D:1      | 247 ||| SHOPLISTING +2 ring mail of willpower (294 gold,
                  | have 7).
   743 | D:1      | 743 ||| UPGRADING to +0 helmet.
   748 | D:1      | 748 ||| READING scroll labelled KAIRUSAUBA.
   749 | D:1      | 749 ||| READING scroll labelled ZEUGUR NIDOO.
   750 | D:1      | 750 ||| READING scroll labelled EGUAWK ETOUJ.
   751 | D:1      | 751 ||| READING scroll labelled WOFUUD FOAB.
   752 | D:1      | 752 ||| READING scroll labelled AKLUSO LESCHOJ.
   757 | D:1      | 757 ||| DRINKING 2 green potions.
   795 | D:2      | Reached skill level 3 in Axes
   945 | D:2      | Reached XP level 3. HP: 23/23 MP: 3/3
   985 | D:2      | 985 ||| Stepping ~*~*~tactically~*~*~ (stealth).
   986 | D:2      | 986 ||| Stepping ~*~*~tactically~*~*~ (stealth).
  1084 | D:2      | 1084 ||| Stepping ~*~*~tactically~*~*~ (stealth).
  1491 | D:2      | 1491 ||| UPGRADING to +2 helmet.
  1501 | D:2      | 1501 ||| DROPPING +0 helmet.
  1502 | D:2      | 1502 ||| READING scroll labelled CEBBININOS.
  1503 | D:2      | 1503 ||| READING scroll labelled TUAS ERUPY.
  1504 | D:2      | 1504 ||| READING scroll labelled EDIUJU CAUPPE.
  1650 | D:3      | 1650 ||| Stepping ~*~*~tactically~*~*~ (stealth).
  2073 | D:3      | Reached XP level 4. HP: 28/28 MP: 4/4
  2183 | D:3      | 2183 ||| UPGRADING to amulet of guardian spirit.
  2188 | D:3      | 2188 ||| UPGRADING to +6 ring of strength.
  2189 | D:3      | 2189 ||| READING scroll labelled QEIT LY XUBO.
  2190 | D:3      | 2190 ||| DRINKING 2 murky dark potions.
  2191 | D:3      | 2191 ||| READING 3 scrolls of identify.
  2191 | D:3      | 2191 ||| IDENTIFYING metallic golden potion
  2192 | D:3      | 2192 ||| READING 2 scrolls of identify.
  2192 | D:3      | 2192 ||| IDENTIFYING sedimented amethyst potion
  2193 | D:3      | 2193 ||| DROPPING potion of berserk rage.
  2226 | D:4      | Noticed Natasha
  2227 | D:4      | 2227 ||| Stepping ~*~*~tactically~*~*~ (hiding).
  2228 | D:4      | 2228 ||| Stepping ~*~*~tactically~*~*~ (hiding).
  2231 | D:4      | Reached skill level 1 in Throwing
  2236 | D:4      | Killed Natasha
  2237 | D:4      | Reached skill level 4 in Axes
  2338 | D:4      | 2338 ||| Stepping ~*~*~tactically~*~*~ (stealth).
  2411 | D:4      | Noticed Natasha
  2419 | D:4      | Killed Natasha
  2420 | D:4      | Reached XP level 5. HP: 32/32 MP: 5/5
  2547 | D:4      | Noticed a phantom
  2564 | D:4      | Killed a phantom
  2565 | D:4      | Reached skill level 5 in Axes
  2565 | D:4      | 2565 ||| FLEEEEING.
  2598 | D:4      | Reached skill level 1 in Dodging
  2598 | D:4      | Reached XP level 6. HP: 37/37 MP: 6/6
  2601 | D:4      | 2601 ||| Stepping ~*~*~tactically~*~*~ (hiding).
  2604 | D:4      | 2604 ||| Stepping ~*~*~tactically~*~*~ (hiding).
  2630 | D:4      | 2630 ||| Stepping ~*~*~tactically~*~*~ (stealth).
  2934 | D:4      | Noticed Natasha
  2941 | D:4      | Killed Natasha
  2968 | D:4      | 2968 ||| UPGRADING to +1 pair of boots.
  2973 | D:4      | 2973 ||| READING scroll labelled NOLIFAM HUUNE.
  2993 | D:5      | Entered Level 5 of the Dungeon
  3001 | D:5      | Noticed a black bear
  3011 | D:5      | 3011 ||| STAIRDANCE
  3013 | D:4      | HP: 9/38 [orc priest/divine providence (13)]
  3014 | D:4      | 3014 ||| READING scroll of teleportation.
  3015 | D:4      | 3015 ||| DRINKING potion of heal wounds.
  3107 | D:5      | Noticed Sigmund
  3109 | D:5      | Killed a black bear
  3110 | D:5      | 3110 ||| DRINKING potion of curing.
  3110 | D:5      | 3110 ||| (to cure confusion)
  3114 | D:5      | Reached skill level 6 in Axes
  3114 | D:5      | Reached XP level 7. HP: 35/43 MP: 4/7
  3131 | D:5      | Killed Sigmund
  3187 | D:5      | 3187 ||| FLEEEEING.
  3188 | D:5      | 3188 ||| FLEEEEING.
  3189 | D:5      | 3189 ||| FLEEEEING.
  3190 | D:5      | 3190 ||| STAIRDANCE
  3261 | D:5      | HP: 5/43 [ice beast (12)]
  3263 | D:5      | Reached skill level 7 in Axes
  3533 | D:5      | 3533 ||| Stepping ~*~*~tactically~*~*~ (stealth).
  3540 | D:5      | Reached XP level 8. HP: 26/49 MP: 3/8
  3541 | D:5      | 3541 ||| FLEEEEING.
  3650 | D:5      | 3650 ||| Stepping ~*~*~tactically~*~*~ (stealth).
  3751 | D:5      | HP: 10/49 [ogre/+0 giant spiked club (19)]
  3752 | D:5      | Mangled by an ogre

Levels and vault maps discovered:
D:1:      ldierk_walled_garden, layout_loops_ring, serial_shops,
          nicolae_diamond_shop, shop
D:2:      layout_loops_cross
D:3:      layout_rooms, roderic_lattice_a
D:4:      layout_loops_ring, uniq_natasha
D:5:      layout_rooms, uniq_sigmund

Skill      XL: |  1  2  3  4  5  6  7 |
---------------+----------------------+-----
Axes           | 2 3 4 5 6 7 |  7.5
Throwing       | 1 |  1.1
Dodging        | 1 |  1.1
Fighting       | 4 5 |  5.3
Armour         | |  3.2
Shields        | |  3.2

Action                     |  1- 3 |  4- 6 |  7- 9 || total
---------------------------+-------+-------+-------++-------
  Melee: War axe           |   137 |   100 |    62 ||   299
  Throw: Javelin           |     5 |    29 |     5 ||    39
    Use: Scroll            |     8 |     5 |       ||    13
         Potion            |     1 |     3 |       ||     4
 Armour: Scale mail        |    67 |    83 |    20 ||   170
  Dodge: Dodged            |    55 |    57 |    12 ||   124
  Block: Buckler           |    24 |    14 |     6 ||    44

Table legend:
 A = Non-vault XP
 B = Vault XP
 C = Vault XP percentage of total XP
 D = Non-vault monster count
 E = Vault monster count
 F = Vault count percentage of total count
                 A         B        C        D         E       F
            +---------+---------+-------+---------+---------+-------
      Total |    1136 |     262 |  18.7 |      96 |       2 |   2.0
            +---------+---------+-------+---------+---------+-------
        D:1 |      25 |       0 |   0.0 |      14 |       0 |   0.0
        D:2 |      29 |       0 |   0.0 |      15 |       0 |   0.0
        D:3 |      30 |       0 |   0.0 |      19 |       0 |   0.0
        D:4 |     278 |      36 |  11.5 |      23 |       1 |   4.2
        D:5 |     774 |     226 |  22.6 |      25 |       1 |   3.8
            +---------+---------+-------+---------+---------+-------
